 Dungeon Crawl Stone Soup version 0.30-a0-948-g4fa250aae5 (webtiles) character file.

Game seed: 16934133548228487204

182 DeathPants the Grave Robber (level 5, -4/27 HPs)
             Began as a Vine Stalker Necromancer on Mar 26, 2023.
             Slain by Edmund
             ... wielding a +1 heavy flail
              (14 damage)
             ... on level 3 of the Dungeon.
             The game lasted 00:08:59 (3054 turns).

DeathPants the Grave Robber (VSNe)                  Turns: 3054, Time: 00:09:00

Health: -4/27      AC:  5    Str: 13    XL:     5   Next: 62%
Magic:  0/11       EV: 12    Int: 15    God:
Gold:   149        SH:  0    Dex: 14    Spells: 7/11 levels left

rFire   + + .      SeeInvis .    a - +2 dagger (venom)
rCold   + . .      Faith    .    (no shield)
rNeg    . . .      Spirit   +    n - +0 robe
rPois   .          Reflect  .    f - +2 helmet
rElec   .          Rampage  .    y - scarf {rC+ rF+}
rCorr   +                        (no gloves)
Will    .....                    (no boots)
Stlth   ++                       (no amulet)
HPRegen 1.04/turn                d - ring of resist corrosion
MPRegen 0.12/turn                l - ring of protection from fire

@: attractive
A: fangs 2, regeneration 1, magic shield, antimagic bite, no potion heal 2
a: no special abilities


You were on level 3 of the Dungeon.
You visited 1 branch of the dungeon, and saw 4 of its levels.

You collected 197 gold pieces.
You spent 48 gold pieces at shops.

Inventory:

Hand Weapons
 a - a +2 dagger of venom (weapon)
Missiles
 s - 3 poisoned darts
Armour
 f - a +2 helmet (worn)
 m - a +0 buckler
 n - a +0 robe (worn)
 y - a scarf of resistance (worn)
Jewellery
 d - a ring of resist corrosion (left hand)
 l - a ring of protection from fire (right hand)
Scrolls
 g - 3 scrolls of amnesia
Potions
 b - a potion of magic
 c - a potion of brilliance
 h - a potion of cancellation
 k - a potion of flight
 p - a potion of lignification
 r - a potion of mutation {unknown}
 t - a potion of attraction
 v - 3 potions of curing
 w - a potion of berserk rage {unknown}
 x - a potion of resistance {unknown}


   Skills:
 + Level 2.5 Fighting
 - Level 1.5 Dodging
 - Level 2.4 Stealth
 + Level 3.7 Spellcasting
 + Level 5.0 Necromancy


You had 7 spell levels left.
You knew the following spells:

 Your Spells              Type           Power      Damage    Failure   Level
a - Necrotise             Necr           68%        1d7       2%          1
b - Vampiric Draining     Necr           17%        2d7       7%          3

Your spell library contained the following spells:

 Spells                   Type           Power      Damage    Failure   Level
 Magic Dart               Conj           8%         1d3       19%         1
 Animate Dead             Necr           17%        N/A       24%         4
 Call Imp                 Summ           2%         N/A       28%         2
 Mephitic Cloud           Conj/Pois/Air  2%         N/A       50%         3
 Agony                    Necr           17%        N/A       54%         5


Dungeon Overview and Level Annotations

Branches:
Dungeon (4/15)
 Temple: D:4-7

Altars:
Qazlal

Shops:
D:1 ?

Annotations:
D:3 Edmund
D:4 1 runed translucent door


Innate Abilities, Weirdness & Mutations

You have extremely sharp teeth.
Your natural rate of healing is unusually fast.
When hurt, damage is shared between your health and your magic reserves.
Your bite disrupts and absorbs the magic of your enemies.
Potions cannot restore your health.


Message History

Your +1 helmet glows green for a moment.
As you read the scroll labelled ODILLY OFUI, it crumbles to dust.
The creatures around you are filled with an inner flame!
It was a scroll of immolation.
As you read the scroll labelled OFOEHY RIKHLO, it crumbles to dust.
You hear a loud clanging noise!
It was a scroll of noise.
As you read the scroll labelled FUUVYSTR SIONKA, it crumbles to dust.
You assume a fearsome visage.
Nothing appears to happen.
It was a scroll of fear.
You swap places.
There is a stone staircase leading down here.
You climb downwards.
Your summoned allies are left behind.
Level annotation: 1 runed translucent door, Edmund Edmund hits you with a +1 heavy flail!
There is a stone staircase leading up, spattered with blood here.
Edmund hits you with a +1 heavy flail!
You climb upwards.
Your bat dissolves into shadows!
Your rat dissolves into shadows!
Your bat dissolves into shadows!
There is a stone staircase leading down here.
Aiming: Necrotise (safe; 2% risk of failure)
Press: ? - help, Q - select action, (/) - cycle Shift-Dir - straight line, f - Edmund
Aim: Edmund, wielding a +1 heavy flail and wearing a +0 scale mail (chance to affect: 75%) Edmund writhes in agony.
Edmund hits you but does no damage.
Okay, then.
It was a potion of attraction.
You feel attractive to monsters.
Throw: 4 darts (poison)
Press: ? - help, Shift-Dir - straight line, f/p - Edmund
Aim: Edmund, wielding a +1 heavy flail and wearing a +0 scale mail (lightly wounded, 63% to hit)
You throw a poisoned dart. The poisoned dart hits Edmund.
Edmund is poisoned.
Edmund is lightly wounded.
Edmund hits you with a +1 heavy flail!
You barely miss Edmund. You bite Edmund, but do no damage.
Edmund is lightly wounded.
Edmund hits you with a +1 heavy flail!
Ouch! That really hurt!
You die...

##..............######
##############...................
#...........##.#####.#####.......
#...........##.## #^# #.......
#...........##..# #.# #..)....
............###.## #.# #.......
............# #[.# #.# #.......
#.........[)####.###.# #.......
#...........÷.[†@@...# ########
............#....#####
............#.##.#
###.##<.......##.######
..#.######.#..#.......# ..#.#
#...#..#######.### ..#.#
#.#.#.....rbb....# ###.#
#.#....########### ....# #.#.####


You could see Edmund (poisoned).

Vanquished Creatures
  2 iguanas (D:4)
  7 adders
  A gnoll (D:3)
  An orc (D:3)
  5 endoplasms
  A giant cockroach (D:3)
  A goblin (D:3)
  7 hobgoblins
  2 jackals (D:3)
  2 quokkas (D:3)
  7 ball pythons
  8 frilled lizards
  7 kobolds
  5 rats
56 creatures vanquished.

Vanquished Creatures (collateral kills)
  A ball python (D:3)
  2 jackals (D:3)
  A bat (D:3)
4 creatures vanquished.

Grand Total: 60 creatures vanquished

Notes
Turn   | Place    | Note
-------+----------+-------------------------------------------
     0 | D:1      | DeathPants the Vine Stalker Necromancer began the quest for
                  | the Orb.
     0 | D:1      | Reached XP level 1. HP: 9/9 MP: 4/4
   335 | D:1      | Reached XP level 2. HP: 14/14 MP: 4/6
   450 | D:1      | Found Oguev's Magic Scroll Emporium.
   458 | D:1      | Bought a scroll of identify for 24 gold pieces
   458 | D:1      | Bought a scroll of identify for 24 gold pieces
   685 | D:1      | You fall into a shaft and drop 1 floor!
  1159 | D:2      | Reached skill level 1 in Fighting
  1267 | D:1      | Reached XP level 3. HP: 18/18 MP: 8/8
  1739 | D:2      | Learned a level 3 spell: Vampiric Draining
  2065 | D:4      | Noticed a human
  2065 | D:4      | Found a runed translucent door.
  2090 | D:4      | Gained mutation: Your natural rate of healing is unusually
                  | fast. [Vine Stalker growth]
  2090 | D:4      | Reached XP level 4. HP: 14/23 MP: 0/9
  2350 | D:3      | Found a stormy altar of Qazlal.
  2532 | D:3      | Reached XP level 5. HP: 26/26 MP: 8/11
  2801 | D:4      | Noticed Edmund
  2861 | D:3      | Reached skill level 5 in Necromancy
  3054 | D:3      | Slain by Edmund

Illustrated notes

Levels and vault maps discovered:
D:1:      spicycebolla_green_bress_n_ham_2, layout_basic, serial_shops,
          shop_fountains, minmay_pentomino_o4
D:2:      layout_basic, serial_park_tiny_1
D:3:      layout_basic, nicolae_qazlal_general_emergency, grunt_ministairs_6,
          minmay_vboxes
D:4:      layout_cave_pools, cheibrodos_worm_habitat, dk_yredelemnul_ordeal,
          uniq_grinder, uniq_natasha, uniq_edmund

Skill      XL: |  1  2  3  4  5 |
---------------+----------------+-----
Fighting       | 1 2 |  2.5
Spellcasting   | 3 |  3.7
Necromancy     | 5 |  5.0
Dodging        | |  1.5
Stealth        | |  2.4

Action                     |  1- 3 |  4- 6 || total
---------------------------+-------+-------++-------
  Melee: Short sword       |    21 |       ||    21
         Bite              |     8 |    13 ||    21
         Dagger            |     8 |    47 ||    55
  Throw: Dart              |       |     1 ||     1
   Cast: Necrotise         |    30 |    31 ||    61
    Use: Scroll            |     4 |    10 ||    14
         Potion            |       |     1 ||     1
   Stab: Sleeping          |     4 |       ||     4
 Armour: Robe              |     9 |    30 ||    39
  Dodge: Dodged            |    19 |    66 ||    85

Table legend: (Time is in decaauts)
 A = Elapsed time spent in this place.
 B = Non-inter-level travel time spent in this place.
 C = Inter-level travel time spent in this place.
 D = Time resting spent in this place.
 E = Time spent auto-exploring this place.
 F = Levels seen in this place.
 G = Mean time per level.
                   A        B        C        D        E       F      G
               +--------+--------+--------+--------+--------+-----+--------+
         Total |   3088 |   3000 |     88 |    102 |   2267 |   4 |  772.0 |
       Dungeon |   3088 |   3000 |     88 |    102 |   2267 |   4 |  772.0 |
               +--------+--------+--------+--------+--------+-----+--------+

Top non-repeatable levels by time:
     D:1: 1182 daAuts
     D:3: 975 daAuts
     D:2: 856 daAuts
     D:4: 73 daAuts
